 Dungeon Crawl Stone Soup version 0.25.0-15-gac7dcb8919 (webtiles) character file.

Game seed: 6221145839000357732

116592 Acheron the Fighter (level 16, -6/147 HPs)
             Began as a Minotaur Berserker on June 27, 2020.
             Was a High Priest of Trog.
             Hit by a silver javelin thrown by a merfolk javelineer (13 damage)
             ... on level 4 of the Shoals on June 28, 2020.
             The game lasted 04:20:16 (27614 turns).

Acheron the Fighter (Minotaur Berserker)           Turns: 27614, Time: 04:20:46

Health: -6/147     AC: 17    Str: 23    XL:     16   Next: 21%
Magic:  21/21      EV: 18    Int:  7    God:    Trog [*****.]
Gold:   612        SH: 10    Dex: 13    Spells: 15/15 levels left

rFire    . . .     SeeInvis +   Q - +7 captain's cutlass {speed, disarm}
rCold    . . .     Gourm    .   z - +0 buckler
rNeg     . . .     Faith    .   i - +1 acid dragon scales
rPois    +         Spirit   .   W - +1 hat {SInv}
rElec    .         Reflect  +   S - +2 cloak
rCorr    +         Harm     .   o - +0 pair of gloves
MR       +....                  K - +0 pair of boots
Stlth    ++++++++..             G - amulet of reflection
HPRegen  0.34/turn              u - ring of Shadows {Umbra +Inv Stlth+}
MPRegen  0.17/turn              P - ring of poison resistance

@: berserk cooldown, very slightly contaminated, slowed, wreathed by umbra, very
slow
A: retaliatory headbutt, horns 2
a: Berserk, Trog's Hand, Brothers in Arms, Renounce Religion, Evoke Invisibility


You were on level 4 of the Shoals.
You worshipped Trog.
Trog was extremely pleased with you.
You were not hungry.

You visited 8 branches of the dungeon, and saw 33 of its levels.

You collected 2249 gold pieces.
You spent 1637 gold pieces at shops.

Inventory:

Hand Weapons
 v - the +7 pair of quick blades "Gyre" and "Gimble" {protect}
   (You found it on level 6 of the Dungeon)

   It grants its wielder temporary protection when it strikes (+7 to AC).
 w - a +7 broad axe
 x - the +5 battleaxe "Dofief" {flame, +Blink rN+}
   (Trog gifted it to you on level 2 of the Orcish Mines)

   It has been specially enchanted to burn those struck by it, causing extra
   injury to most foes and up to half again as much damage against particularly
   susceptible opponents.
   Big, fiery blades are also staple armaments of hydra-hunters.
   It protects you from negative energy.
   It lets you blink.
 Q - the +7 captain's cutlass (weapon) {speed, disarm}
   (You bought it in a shop on level 2 of the Orcish Mines)

   Attacks with this weapon are significantly faster.
Missiles
 e - 13 javelins
 n - 4 silver boomerangs
 p - 45 boomerangs (quivered)
 I - 10 curare-tipped darts
Armour
 i - +1 acid dragon scales (worn)
 o - a +0 pair of gloves (worn)
 z - a +0 buckler (worn)
 K - a +0 pair of boots (worn)
 S - a +2 cloak (worn)
 W - a +1 hat of see invisible (worn)
Jewellery
 b - an uncursed ring of positive energy
 s - an uncursed ring of protection from fire
 u - the ring of Shadows (left hand) {Umbra +Inv Stlth+}
   (You found it on level 5 of the Dungeon)

   [ring of stealth]

   It lets you turn invisible.
   It makes you more stealthy.
 y - an uncursed ring of flight
 G - an amulet of reflection (around neck)
 P - a ring of poison resistance (right hand)
 V - an uncursed amulet of regeneration
 Y - a +6 ring of intelligence
Wands
 a - a wand of paralysis (2)
 q - a wand of flame (25)
 C - a wand of polymorph (31)
 F - a wand of iceblast (14)
 J - a wand of digging (2)
Scrolls
 g - a scroll of identify
 m - a scroll of blinking
 t - 4 scrolls of teleportation
 E - 2 scrolls of summoning
 M - 2 scrolls of magic mapping
 R - 9 scrolls of remove curse
 X - 3 scrolls of fog
 Z - 3 scrolls of fear
Potions
 j - 6 potions of brilliance
 l - 9 potions of curing
 r - a potion of cancellation
 A - 2 potions of resistance
 B - 2 potions of lignification
 D - 4 potions of mutation
 H - 4 potions of haste
 L - 3 potions of heal wounds
 O - 2 potions of flight
 T - a potion of berserk rage
 U - a potion of might
Miscellaneous
 d - a phial of floods
 N - a phantom mirror
Comestibles
 c - 27 rations


   Skills:
 * Level 14.3 Fighting
 * Level 8.6 Short Blades
 * Level 11.7 Axes
 * Level 9.3 Throwing
 * Level 12.0 Armour
 * Level 10.5 Dodging
 * Level 12.1 Stealth
 - Level 4.0 Shields
 * Level 8.0 Evocations


You had 15 spell levels left.
You didn't know any spells.
Your spell library was empty.

Dungeon Overview and Level Annotations

Branches:
Dungeon (15/15)            Temple (1/1) D:7            Lair (6/6) D:9
 Shoals (4/4) Lair:3        Snake (1/4) Lair:3          Orc (2/2) D:11
    Elf (3/3) Orc:2        Depths (1/5) D:15
  Slime: Lair:5-6    Vaults: D:13-14

Altars:
Ashenzari
Cheibriados
Dithmenos
Elyvilon
Fedhas
Gozag
Hepliaklqana
Kikubaaqudgha
Makhleb
Nemelex Xobeh
Qazlal
Ru
Sif Muna
Trog
Vehumet
Wu Jian
Xom
Yredelemnul
Zin
The Shining One
Beogh

Shops:
D:8 ((   D:12 *   Orc:2 =:(*   Snake:1 *

Annotations:
D:7 Prince Ribbit
D:8 exclusion: downstairs
Lair:4 1 runed translucent door, Nubia's ghost, journeyman GnEn
Lair:5 exclusions: downstairs and upstairs
Lair:6 1 runed translucent door, Ytzuaw's ghost, journeyman HuWz
Shoals:3 Ilsuiw


Innate Abilities, Weirdness & Mutations

You reflexively headbutt those who attack you in melee.
You have a pair of horns on your head.


Message History

You feel yourself slow down. You block the snapping turtle's attack.
You closely miss the satyr. Your headbutt misses the satyr.
The satyr is lightly wounded.
The satyr unwields a +0 club.
The satyr wields a +0 fustibalus.
The satyr shoots a sling bullet.
The sling bullet hits you.
* * * LOW HITPOINT WARNING * * *
You miss the satyr.
The satyr is lightly wounded.
The merfolk javelineer throws a silver javelin.
The silver javelin closely misses you.
The snapping turtle bites you from afar!!
* * * LOW HITPOINT WARNING * * *
The merfolk shouts!
You puncture the satyr! You headbutt the satyr.
The satyr is heavily wounded.
The snapping turtle bites you from afar!
* * * LOW HITPOINT WARNING * * *
The merfolk javelineer throws a silver javelin.
The silver javelin pierces through you!
You die...

≈≈≈≈≈≈....PPP..##).###≈##≈,,,,,,,
≈≈≈≈≈.#.........)#######,,,.,,,,,
≈≈≈≈≈.#..........##≈#≈##....,,,,≈
,≈≈≈≈.............t≈≈≈......,,,≈≈
,,≈≈≈≈............≈≈≈≈......,,,m≈
*,,≈≈≈............≈≈≈≈≈.....,,,≈≈
*,,≈≈≈≈....(.....t#≈≈####...,,,t≈
**,≈≈≈≈≈.........c####***,.....PP
*≈,≈≈≈≈≈≈≈≈≈≈...@#≈≈#**,**≈...PP.
**,≈≈≈≈≈≈≈≈≈≈.≈≈≈#c≈m≈≈,,##≈.....
**≈≈≈≈≈≈≈≈m...).≈#≈≈#≈#≈##≈....PP
**≈≈≈≈≈≈≈≈......###≈≈,≈m,##.....P
,,≈≈≈≈≈≈≈..≈≈...##,≈#≈*≈##≈....P.
,,.≈≈≈≈≈≈m.≈≈....#,≈≈≈≈,≈#≈......
,,m≈≈≈≈≈≈.≈≈...)###≈#*#≈##≈...P.P
,,..(≈≈≈≈..m....(.##* ###≈≈...<..
,,..≈≈≈≈≈≈.[.....)≈####≈#≈≈......


You could see a merfolk avatar (wandering), a merfolk javelineer, a satyr, 2
snapping turtles and a merfolk.

Vanquished Creatures
  Rupert (D:12)
  Azrael (D:15)
  Snorg (Lair:4)
  An ettin (D:15)
  A merfolk impaler (Shoals:4)
  3 hydras
  3 vault guards (D:13)
  Harold (D:10)
  A centaur warrior (D:15)
  A merfolk aquamancer (Shoals:4)
  4 dancing weapons
  A satyr (Shoals:4)
  6 two-headed ogres
  4 orc high priests (Orc:2)
  Urug (Orc:2)
  Nergalle (D:10)
  2 deep elf knights
  Sonja (D:12)
  A sea snake (Shoals:4)
  An unseen horror (shapeshifter) (D:15)
  4 unseen horrors
  A deep elf archer (Elf:2)
  An orc knight (D:11)
  4 harpies (Shoals:1)
  24 deep elf magi
  3 ugly things
  4 cyclopes
  An orc sorcerer (D:15)
  A wolf spider (D:14)
  6 manticores
  A guardian serpent (D:15)
  An elephant (Lair:1)
  A merfolk siren (Shoals:4)
  A guardian serpent (shapeshifter) (D:14)
  2 water nymphs
  12 spiny frogs
  A gargoyle (D:13)
  A torpor snail (Lair:4)
  2 rime drakes
  Maggie (D:7)
  A rime drake (shapeshifter) (D:13)
  8 komodo dragons
  2 kobold demonologists (D:12)
  An efreet (D:13)
  A troll (shapeshifter) (Elf:1)
  7 trolls
  2 wind drakes (Shoals:4)
  7 merfolk
  3 polar bears
  4 hornets
  5 dream sheep (Lair:3)
  12 slime creatures
  3 snapping turtles
  11 hippogriffs
  4 wyverns
  3 hungry ghosts
  17 yaks
  4 fire elementals
  2 water elementals
  5 humans (D:13)
  5 vampire mosquitoes (D:13)
  5 wargs
  2 nagas (Lair:3)
  2 acid dragons
  6 porcupines
  6 water moccasins
  A swamp drake (D:11)
  5 ice beasts
  A hornet zombie (D:10)
  2 phantoms
  5 sky beasts
  A necrophage (D:7)
  21 orc warriors
  5 ogres
  9 wolves (Lair:2)
  16 centaurs
  2 eyes of draining
  5 crocodiles
  2 big kobolds
  12 bullfrogs
  2 earth elementals (Elf:1)
  A wyvern zombie (D:10)
  A wyvern skeleton (D:7)
  4 scorpions
  5 killer bees (D:13)
  8 howler monkeys
  6 crimson imps
  A bullfrog zombie (D:12)
  3 quasits
  3 centaur zombies
  40 orc priests
  6 centaur skeletons
  6 hounds
  5 jellies
  3 bullfrog skeletons
  An iguana (D:6)
  26 orc wizards
  9 worker ants
  A hound zombie (D:7)
  A hound skeleton (D:6)
  A worker ant zombie (D:7)
  A howler monkey zombie (D:5)
  6 gnolls
  A howler monkey skeleton (D:11)
  6 adders
  3 shadow imps
  An adder skeleton (D:7)
  4 worms
  3 dart slugs
  4 leopard geckos
  112 orcs
  5 bats
  6 giant cockroaches
  8 goblins
  9 hobgoblins
  20 jackals
  10 kobolds
  4 quokkas
  3 ball pythons
  3 frilled lizards (D:1)
  A leopard gecko skeleton (D:4)
  2 quokka skeletons
  A quokka zombie (D:5)
  7 rats
  A bush (Lair:6)
  A fungus (Lair:2)
  6 plants
684 creatures vanquished.

Vanquished Creatures (collateral kills)
  Gastronok (Lair:1)
  A cyclops (D:11)
  A hippogriff (Lair:1)
  2 fire elementals (D:15)
  3 hell hounds (D:15)
8 creatures vanquished.

Vanquished Creatures (others)
  A vault guard (D:13)
  A human (D:13)
  7 fungi
  23 plants
32 creatures vanquished.

Grand Total: 724 creatures vanquished

Notes
Turn   | Place    | Note
-------+----------+-------------------------------------------
     0 | D:1      | Acheron the Minotaur Berserker began the quest for the Orb.
     0 | D:1      | Reached XP level 1. HP: 19/19 MP: 0/0
   569 | D:1      | Reached XP level 2. HP: 26/27 MP: 1/1
   724 | D:1      | Reached skill level 4 in Fighting
  1009 | D:1      | Reached XP level 3. HP: 33/33 MP: 2/2
  1030 | D:1      | Reached ** piety under Trog
  1298 | D:2      | Found a bloodstained altar of Trog.
  1508 | D:3      | Reached XP level 4. HP: 30/41 MP: 3/3
  1512 | D:3      | Reached skill level 5 in Axes
  2078 | D:3      | Found an ancient bone altar of Kikubaaqudgha.
  2189 | D:3      | Found a stormy altar of Qazlal.
  2250 | D:3      | Reached XP level 5. HP: 36/47 MP: 4/4
  2384 | D:3      | Found a white marble altar of Elyvilon.
  2567 | D:3      | Found a glowing golden altar of the Shining One.
  2832 | D:4      | Reached *** piety under Trog
  3056 | D:4      | Reached XP level 6. HP: 44/55 MP: 5/5
  3386 | D:4      | Reached skill level 5 in Fighting
  3831 | D:5      | Entered Level 5 of the Dungeon
  3855 | D:5      | Noticed an ice beast
  3867 | D:5      | Killed an ice beast
  3867 | D:5      | Reached skill level 5 in Armour
  3886 | D:5      | Reached XP level 7. HP: 60/61 MP: 6/6
  3975 | D:5      | Found a hazy altar of Hepliaklqana.
  4354 | D:5      | Found the ring of Shadows {Umbra +Inv Stlth+}
  4543 | D:5      | Reached skill level 1 in Throwing
  4551 | D:6      | Found the +7 pair of quick blades "Gyre" and "Gimble"
                  | {protect}
  4580 | D:6      | Reached skill level 1 in Stealth
  4709 | D:6      | Killed an unseen horror
  4709 | D:6      | Reached skill level 6 in Fighting
  4709 | D:6      | Reached skill level 1 in Evocations
  4709 | D:6      | Reached XP level 8. HP: 37/70 MP: 6/8
  5050 | D:6      | Found a glowing silver altar of Zin.
  5086 | D:7      | Reached **** piety under Trog
  5223 | D:7      | Noticed Maggie
  5234 | D:7      | Killed Maggie
  5255 | D:8      | Noticed a two-headed ogre
  5259 | D:8      | Killed a two-headed ogre
  5259 | D:8      | Reached XP level 9. HP: 67/78 MP: 9/9
  5326 | D:8      | Found Judiklum's Antique Weapon Shoppe.
  5546 | D:8      | Reached skill level 7 in Fighting
  5626 | D:10     | Entered Level 10 of the Dungeon
  5632 | D:10     | Reached skill level 5 in Short Blades
  5632 | D:10     | Reached skill level 5 in Dodging
  5905 | D:10     | Noticed Nergalle
  5917 | D:10     | Killed Nergalle
  5917 | D:10     | Reached XP level 10. HP: 86/86 MP: 11/11
  6194 | D:8      | Found a snail-covered altar of Cheibriados.
  6199 | D:8      | Found a sparkling altar of Nemelex Xobeh.
  6327 | D:8      | Found Laketag's Weapon Boutique.
  6530 | D:7      | Found a shattered altar of Ashenzari.
  6787 | D:7      | Found a staircase to the Ecumenical Temple.
  6802 | Temple   | Entered the Ecumenical Temple
  7520 | D:7      | Noticed Prince Ribbit
  8613 | D:11     | Reached ***** piety under Trog
  8660 | D:11     | Noticed a cyclops
  8687 | D:11     | Killed a cyclops
  9124 | D:10     | Reached skill level 8 in Fighting
  9137 | D:10     | Killed an unseen horror
  9137 | D:10     | Reached skill level 5 in Stealth
  9167 | D:10     | Noticed Harold
  9373 | D:9      | Found a staircase to the Lair.
  9382 | Lair:1   | Entered Level 1 of the Lair of Beasts
  9460 | Lair:2   | Noticed a spiny frog
  9520 | Lair:3   | Noticed a spiny frog
  9555 | Lair:4   | Noticed a six-headed hydra
  9563 | Lair:4   | Killed a six-headed hydra
  9563 | Lair:4   | Reached skill level 1 in Shields
  9563 | Lair:4   | Reached XP level 11. HP: 94/94 MP: 13/13
  9567 | Lair:4   | Noticed a six-headed hydra
  9572 | Lair:4   | Killed a six-headed hydra
  9666 | Lair:6   | Entered Level 6 of the Lair of Beasts
  9677 | Lair:6   | Found a runed translucent door.
  9678 | Lair:6   | Found a shimmering altar of Xom.
  9678 | Lair:6   | Noticed Ytzuaw's ghost (journeyman HuWz)
  9679 | Lair:6   | Noticed a +0 quick blade of chaos
  9721 | Lair:6   | Reached skill level 5 in Throwing
  9846 | Lair:6   | Noticed a death yak
  9846 | Lair:6   | Noticed a death yak
  9896 | Lair:6   | Noticed a death yak
  9896 | Lair:6   | Noticed a death yak
  9917 | Lair:6   | Noticed a death yak
  9983 | Lair:5   | Noticed a death yak
 10006 | Lair:5   | Received a gift from Trog
 10255 | Lair:4   | Noticed Snorg
 10417 | Lair:4   | Killed Snorg
 10764 | Lair:4   | Found a runed translucent door.
 10764 | Lair:4   | Noticed Nubia's ghost (journeyman GnEn)
 10936 | Lair:3   | Reached skill level 9 in Fighting
 11204 | Lair:3   | Found a staircase to the Snake Pit.
 11268 | Lair:3   | Reached skill level 5 in Evocations
 11284 | Lair:3   | Found a staircase to the Shoals.
 11386 | Lair:3   | Reached XP level 12. HP: 105/105 MP: 14/14
 11394 | Shoals:1 | Entered Level 1 of the Shoals
 11401 | Shoals:1 | Reached skill level 10 in Armour
 11782 | Snake:1  | Entered Level 1 of the Snake Pit
 11782 | Snake:1  | Found Xuru's General Store.
 11782 | Snake:1  | Noticed a naga warrior
 11983 | Lair:3   | Reached skill level 10 in Fighting
 12883 | Lair:1   | Noticed Gastronok
 13765 | D:12     | Noticed Rupert
 13779 | D:12     | Killed Rupert
 13803 | D:12     | Noticed a two-headed ogre
 13831 | D:12     | Reached skill level 11 in Fighting
 13850 | D:12     | Killed a two-headed ogre
 14133 | D:12     | Reached XP level 13. HP: 116/116 MP: 16/16
 14300 | D:12     | Noticed Sonja
 14322 | D:12     | Killed Sonja
 14513 | D:12     | Found Negify's Assorted Antiques.
 14818 | D:12     | Received a gift from Trog
 14879 | D:12     | Got a transparent plate armour
 15365 | D:13     | Found a shimmering altar of Xom.
 15366 | D:13     | Found a shimmering altar of Xom.
 15366 | D:13     | Found a shimmering altar of Xom.
 15366 | D:13     | Found a shimmering altar of Xom.
 15366 | D:13     | Found a shimmering altar of Xom.
 15366 | D:13     | Found a shimmering altar of Xom.
 15511 | D:15     | Entered Level 15 of the Dungeon
 16267 | D:13     | Reached skill level 12 in Fighting
 16267 | D:13     | Reached skill level 10 in Axes
 16516 | D:13     | Reached skill level 10 in Stealth
 17843 | D:14     | Received a gift from Trog
 17988 | D:14     | Reached XP level 14. HP: 127/127 MP: 17/17
 18425 | D:15     | Found a staircase to the Depths.
 18434 | Depths:1 | Entered Level 1 of the Depths
 18556 | D:15     | Noticed Azrael
 18573 | D:15     | Killed Azrael
 18715 | D:15     | Reached skill level 13 in Fighting
 18715 | D:15     | Reached XP level 15. HP: 135/135 MP: 19/19
 18717 | D:15     | Got a smoking chain mail
 19557 | D:10     | Identified the +1 chain mail of Duty {Str+2 Stlth+} (You
                  | found it on level 15 of the Dungeon)
 19625 | D:10     | Killed Harold
 20158 | D:11     | Identified the cursed +0 chain mail "Doced" {-Cast rPois
                  | Str+3 Int-4}
 20165 | D:11     | Found a staircase to the Orcish Mines.
 20213 | Orc:1    | Entered Level 1 of the Orcish Mines
 20250 | Orc:1    | Received a gift from Trog
 20264 | Orc:1    | Reached ****** piety under Trog
 20786 | Orc:1    | Found a bloodstained altar of Trog.
 20908 | Orc:2    | Entered Level 2 of the Orcish Mines
 20926 | Orc:2    | Found a staircase to the Elven Halls.
 21247 | Elf:1    | Entered Level 1 of the Elven Halls
 21821 | Elf:1    | Identified the +1 plate armour of Vineow {Regen+ Slay+2}
                  | (You found it on level 12 of the Dungeon)
 22104 | Elf:2    | Received a gift from Trog
 22311 | Elf:2    | HP: 6/137 [soul eater[a deep elf mage] (9)]
 23009 | Elf:3    | Entered Level 3 of the Elven Halls
 23434 | Orc:2    | Noticed Urug
 23850 | Lair:1   | Killed Gastronok
 23850 | Lair:1   | Reached skill level 10 in Dodging
 24160 | Lair:2   | Reached skill level 14 in Fighting
 24411 | Lair:3   | Upgraded the game from 0.25.0-11-g1f837a76a1 to
                  | 0.25.0-15-gac7dcb8919
 24800 | Orc:2    | Killed Urug
 24865 | Orc:2    | Received a gift from Trog
 24873 | Orc:2    | Got a slimy battleaxe {god gift}
 24954 | Orc:2    | Found Zeneme Avvo's Assorted Antiques.
 24954 | Orc:2    | Found Kuraarokh's Antique Weapon Shoppe.
 25332 | Orc:2    | Reached XP level 16. HP: 133/146 MP: 20/20
 25421 | Orc:2    | Identified the +5 battleaxe "Dofief" {flame, +Blink rN+}
                  | (Trog gifted it to you on level 2 of the Orcish Mines)
 25586 | Orc:2    | Found Fyiheona's Book Boutique.
 25586 | Orc:2    | Found Pisken's Jewellery Shoppe.
 25716 | Orc:2    | Bought an uncursed ring of poison resistance for 260 gold
                  | pieces
 25749 | Orc:2    | Found a roughly hewn altar of Beogh.
 25833 | Orc:2    | Bought a silver ring for 135 gold pieces
 25911 | Orc:2    | Bought the +7 captain's cutlass {speed, disarm} for 1242
                  | gold pieces
 25911 | Orc:2    | Found the +7 captain's cutlass {speed, disarm}
 26329 | Shoals:4 | Entered Level 4 of the Shoals
 26496 | Shoals:3 | Noticed Ilsuiw
 27614 | Shoals:4 | HP: 7/147 [snapping turtle (11)]
 27614 | Shoals:4 | Hit by a silver javelin thrown by a merfolk javelineer

Illustrated notes

Levels and vault maps discovered:
D:1:      dpeg_arrival_morbid_curiosity, layout_basic, corexii_leaking_fountain,
          minmay_ruptured
D:2:      layout_rooms, kennysheep_okawaru_gauntlet, lemuel_crystal_altar,
          eat_drink_and_be_merry_uskayaw
D:3:      layout_loops_ring, lemuel_crystal_altar, old_standard_altar,
          nicolae_tso_swordbearing_angel, elyvilon_altar_5, first_ration
D:4:      layout_loops_ring
D:5:      layout_cave_pods, kennysheep_mini, serial_gnoll_camp,
          gnoll_camp_mini_shop, gnoll_camp_mini_hut, gnoll_camp_huts_basic,
          gnoll_camp_mini_hut
D:6:      layout_basic, zin_academy, glass_columns_a
D:7:      layout_loops_corners, nicolae_ashenzari_panopticon,
          minmay_temple_entry_water_ring, uniq_maggie, uniq_prince_ribbit1
D:8:      layout_layer_cave, lemuel_crystal_altar,
          nemelex_xobeh_ov_fountains_minmay, serial_shops, shop, shop
D:9:      layout_cave_pods, lair_entry_dummy
D:10:     layout_gridville, hangedman_fish_farm, uniq_nergalle, uniq_harold
D:11:     layout_basic, erik_orc_1
D:12:     layout_basic, serial_shops, shop, kennysheep_kite_vault, uniq_rupert,
          uniq_sonja
D:13:     layout_cave_pods, ximxim_vaults_locker_room, serial_column_ruins,
          column_ruins_square_medium, column_ruins_open_medium,
          column_ruins_open_tiny, column_ruins_corridor_corner, xom_redecorated
D:14:     layout_stronghold, serial_glass, glass_columns_a, glass_columns_a,
          chequers_serial_rivers_room_b
D:15:     hangedman_depths_entry_civil_slaughter, layout_grid_maze,
          grunt_decor_arrowhead, nrook_guardian_serpent_double, uniq_azrael
Temple:   dpeg_chambers_temple
Lair:1:   layout_regular_city, hibernation_bobbens, serial_bayou_shore_b,
          wad_woods_river_01, uniq_gastronok
Lair:2:   layout_cave_pods
Lair:3:   layout_misc_corridors, minmay_shoals_entry_centaurs,
          guppyfry_snake_entry_island, grunt_megastairs_3
Lair:4:   layout_roguey, ebering_ghost_reflecting_pool, uniq_snorg
Lair:5:   layout_regular_city, lemuel_fruit_tree
Lair:6:   cheibrodos_lair_end_hotspot, layout_regular_city,
          minmay_slime_entry_oklob_open, ebering_ghost_xom,
          chequers_serial_rivers_micro_b
Shoals:1: layout_shoals, serial_shops, shop, nicolae_shoals_dead_sea_scrolls
Shoals:2: layout_shoals, serial_shops, shop, hangedman_shoals_cup_caves
Shoals:3: layout_shoals, uniq_ilsuiw
Shoals:4: shoals_end_grunt_ice, layout_shoals
Snake:1:  layout_rooms, serial_shops, nicolae_shop_behind_doors,
          nicolae_shop_stone, shop, nicolae_shop_temple_entry_statues_fountains,
          portal_ice_cave_entry_pillars_2, uniq_asterion, uniq_aizul
Orc:1:    layout_caves, bloody_trog
Orc:2:    st_orc_town, layout_caves, uniq_urug
Elf:1:    minmay_elf_arrival_circle, layout_gridlike, basic_altar,
          hangedman_elf_represent, nicolae_elf_w_pinch, grunt_ministairs_14,
          minivault_24
Elf:2:    layout_geoelf_octagon, serial_sigils, serial_sigils_hangedman_shear,
          serial_sigils_hangedman_gut, serial_sigils_hangedman_gnaw,
          serial_sigils_hangedman_confine, portal_desolation_entry_twin_temple
Elf:3:    minmay_elf_hall_four_x, layout_loops_cross
Depths:1: layout_small_grid, enter_ziggurat_f, hell_entry,
          chequers_serial_rivers_micro_d, kilobyte_mutagenic_chamber,
          grunt_megastairs_2, minmay_shop_star, serial_bayou_shore_b,
          serial_bayou_shore_a

Skill      XL: |  1  2  3  4  5  6  7  8  9 10 11 12 13 14 15 16 |
---------------+-------------------------------------------------+-----
Axes           | 4 5 6 7 8 9 10 11 | 11.7
Fighting       | 4 5 6 7 8 9 11 12 13 14 | 14.3
Armour         | 3 4 5 6 7 8 9 10 11 12 | 12.0
Dodging        | 3 4 5 6 7 8 9 10 | 10.5
Throwing       | 2 3 4 5 6 7 8 9 |  9.3
Stealth        | 1 2 3 5 6 8 10 11 12 | 12.1
Short Blades   | 2 4 6 8 |  8.6
Evocations     | 1 2 3 4 5 6 7 8 |  8.0
Shields        | 1 3 4 |  4.0

Action                   |  1- 3 |  4- 6 |  7- 9 | 10-12 | 13-15 | 16-18 || total
-------------------------+-------+-------+-------+-------+-------+-------++-------
Melee: Hand axe          |    92 |   168 |    39 |       |       |       ||   299
       Headbutt          |    12 |    27 |    39 |   157 |   248 |    57 ||   540
       Pair of quick bla |       |       |    63 |   589 |  1011 |    43 ||  1706
       Short sword       |       |       |    50 |       |       |       ||    50
       Broad axe         |       |       |       |       |     5 |       ||     5
       Cutlass           |       |       |       |       |       |   169 ||   169
Throw: Stone             |       |     2 |       |       |       |       ||     2
       Boomerang         |       |     3 |       |       |    46 |    26 ||    75
       Javelin           |       |       |       |     3 |     5 |       ||     8
Invok: Trog's Hand       |     1 |       |     1 |       |       |       ||     2
       Berserk           |     1 |       |       |     1 |       |     1 ||     3
       Brothers in Arms  |       |       |       |     1 |     2 |     1 ||     4
 Abil: Evoke Flight      |       |       |       |       |       |     2 ||     2
Evoke: Wand              |       |       |       |     7 |     4 |    12 ||    23
  Use: Potion            |     2 |       |       |     1 |     3 |     1 ||     7
       Scroll            |       |     5 |     4 |    18 |     9 |     6 ||    42
 Stab: Sleeping          |       |       |     5 |    27 |    48 |     4 ||    84
       Distracted        |       |       |       |     2 |     5 |     1 ||     8
       Paralysed         |       |       |       |       |       |     3 ||     3
  Eat: Chunk             |     2 |     5 |     4 |    16 |    18 |     6 ||    51
       Ration            |       |     1 |     1 |     3 |     5 |     1 ||    11
Armor: Animal skin       |     1 |       |       |       |       |       ||     1
       Ring mail         |    20 |    47 |       |       |       |       ||    67
       Chain mail        |       |    10 |    74 |       |       |       ||    84
       Acid dragon scale |       |       |    23 |    67 |   163 |    27 ||   280
Dodge: Dodged            |    77 |    96 |    73 |   216 |   392 |    98 ||   952
Block: Other             |       |       |       |       |    96 |     3 ||    99
       Reflection        |       |       |       |       |     5 |     1 ||     6
       Buckler           |       |       |       |       |       |    59 ||    59
